BLB
SYRACUSE SNAPPERS @ WILMINGTON WILDCATS
05/29/2060
 
TOP OF THE 1ST
Syracuse Snappers batting - Pitching for Wilmington Wildcats : RHP Zack Fleming
Pitching: RHP Zack Fleming
Batting: RHB Ben Piche 0-0: Ball
1-0: SINGLE (Groundball, 6, EV 105.6 MPH)
Batting: RHB Walter Worsham 0-0: Ball
Ben Piche is caught stealing 2nd base 2-4
1-0: Called Strike
1-1: Foul Ball, location: 2F
1-2: Ball
2-2: Ground out 6-3 (Groundball, 6M, EV 81.9 MPH)
Batting: RHB Asher Kappler 0-0: Ball
1-0: Swinging Strike
1-1: Ball
2-1: Ball
3-1: Base on Balls
Batting: LHB Devan Clark 0-0: Ball
1-0: Ball
2-0: Ball
3-0: Foul Ball, location: 2F
3-1: SINGLE (Groundball, 34D, EV 98.8 MPH)
Asher Kappler to second
Runner from 2nd tries for 3rd, SAFE, throw by RF made to third
Batting: SHB Spencer Buccheri 0-0: Ball
1-0: Fly out, F9 (Line Drive, 9S, EV 91.2 MPH)
Top of the 1st over - 0 runs, 2 hits, 0 errors, 2 left on base; Syracuse 0 - Wilmington 0
BOTTOM OF THE 1ST
Wilmington Wildcats batting - Pitching for Syracuse Snappers : RHP Ephram Arnold
Pitching: RHP Ephram Arnold
Batting: RHB Julian Ludin 0-0: Ball
1-0: Called Strike
1-1: Called Strike
1-2: DOUBLE (Line Drive, 7LD, EV 98.8 MPH)
Batting: LHB Keon Kakazai 0-0: Ball
1-0: Ball
2-0: Ball
3-0: Called Strike
3-1: SINGLE (Line Drive, 5D, EV 101.2 MPH)
Julian Ludin to third
Runner from 3rd tries for Home, SAFE, throw by LF to home
Batting: RHB Jeremy Dillingham 0-0: Ball
1-0: Swinging Strike
1-1: Swinging Strike
1-2: SINGLE (Flyball, 78S, EV 93.1 MPH)
Keon Kakazai to second
Batting: LHB Dorsey Cahue 0-0: Ball
1-0: Called Strike
1-1: Ball
2-1: Ball
3-1: Fly out, F7 (Flyball, 7, EV 88.8 MPH)
Batting: LHB Ozzie Huang 0-0: Ball
1-0: Called Strike
1-1: Swinging Strike
1-2: Ball
2-2: Grounds into double play, 6-4-3 (Groundball, 6, EV 78.8 MPH)
Bottom of the 1st over - 1 run, 3 hits, 0 errors, 1 left on base; Syracuse 0 - Wilmington 1
TOP OF THE 2ND
Syracuse Snappers batting - Pitching for Wilmington Wildcats : RHP Zack Fleming
Batting: LHB Lawrence Gatzioudis 0-0: Ball
1-0: Ball
2-0: Called Strike
2-1: DOUBLE (Groundball, 3L, EV 106.2 MPH)
Batting: RHB Victor Day 0-0: Ball
1-0: SINGLE (Groundball, 56, EV 104.4 MPH) (infield hit)
Lawrence Gatzioudis to third
Batting: RHB Cody Kats 0-0: Ball
1-0: Ball
2-0: Called Strike
2-1: Called Strike
2-2: Foul Ball, location: 2F
2-2: 3-RUN HOME RUN (Flyball, 7D, EV 93.8 MPH), Distance : 369 ft
Batting: RHB Colton Sheridan 0-0: Ball
1-0: Fly out, F8 (Line Drive, 89S, EV 91.9 MPH)
Batting: RHB Ben Piche 0-0: Called Strike
0-1: Foul Ball, location: 2F
0-2: Ball
1-2: Strikes out swinging
Batting: RHB Walter Worsham 0-0: Ground out 6-3 (Groundball, 56, EV 85.6 MPH)
Top of the 2nd over - 3 runs, 3 hits, 0 errors, 0 left on base; Syracuse 3 - Wilmington 1
BOTTOM OF THE 2ND
Wilmington Wildcats batting - Pitching for Syracuse Snappers : RHP Ephram Arnold
Batting: RHB Barrington Purbacaraka 0-0: Called Strike
0-1: Swinging Strike
0-2: Ball
1-2: Ground out 1-3 (Groundball, 15S, EV 71.2 MPH)
Batting: LHB Greg Selser 0-0: Called Strike
0-1: DOUBLE (Line Drive, 9LM, EV 108.1 MPH)
Batting: RHB Lucas Shultz 0-0: Foul Ball, location: 2F
0-1: Fly out, F9 (Line Drive, 9, EV 93.8 MPH)
Batting: LHB Zach Dunnum 0-0: Foul Ball, location: 2F
0-1: Ball
1-1: Foul Ball, location: 2F
1-2: Fly out, F2 (Popup, 23F, EV 90.0 MPH)
Bottom of the 2nd over - 0 runs, 1 hit, 0 errors, 1 left on base; Syracuse 3 - Wilmington 1
TOP OF THE 3RD
Syracuse Snappers batting - Pitching for Wilmington Wildcats : RHP Zack Fleming
Batting: RHB Asher Kappler 0-0: SOLO HOME RUN (Flyball, 7D, EV 93.1 MPH), Distance : 362 ft
Batting: LHB Devan Clark 0-0: SINGLE (Line Drive, 3D, EV 96.9 MPH)
Batting: SHB Spencer Buccheri 0-0: Called Strike
0-1: Ball
1-1: Swinging Strike
1-2: Ball
2-2: Foul Ball, location: 2F
2-2: Strikes out looking
Batting: LHB Lawrence Gatzioudis 0-0: Foul Ball, location: 2F
0-1: SINGLE (Line Drive, 7S, EV 106.2 MPH)
Devan Clark to second
Devan Clark to third
Batting: RHB Victor Day 0-0: Ball
1-0: Foul Ball, location: 2F
1-1: Ball
2-1: Grounds into double play, 5-4-3 (Groundball, 56, EV 81.9 MPH)
Top of the 3rd over - 1 run, 3 hits, 0 errors, 1 left on base; Syracuse 4 - Wilmington 1
BOTTOM OF THE 3RD
Wilmington Wildcats batting - Pitching for Syracuse Snappers : RHP Ephram Arnold
Batting: RHB Julian Ludin 0-0: Called Strike
0-1: Ground out 5-3 (Groundball, 56, EV 86.9 MPH)
Batting: LHB Keon Kakazai 0-0: Foul Ball, location: 2F
0-1: SINGLE (Line Drive, 89S, EV 98.8 MPH)
Batting: RHB Jeremy Dillingham 0-0: Foul Ball, location: 2F
0-1: Ball
1-1: Foul Ball, location: 2F
1-2: Ball
2-2: Ball
3-2: Foul Ball, location: 2F
3-2: Fly out, F8 (Flyball, 8RD, EV 98.8 MPH)
Batting: LHB Dorsey Cahue 0-0: Ball
1-0: Foul Ball, location: 2F
1-1: Fly out, F7 (Flyball, 7S, EV 86.2 MPH)
Bottom of the 3rd over - 0 runs, 1 hit, 0 errors, 1 left on base; Syracuse 4 - Wilmington 1
TOP OF THE 4TH
Syracuse Snappers batting - Pitching for Wilmington Wildcats : RHP Zack Fleming
Batting: RHB Cody Kats 0-0: Called Strike
0-1: Foul Ball, location: 2F
0-2: Ball
1-2: Ball
2-2: Foul Ball, location: 2F
2-2: SINGLE (Groundball, 6MD, EV 95.0 MPH)
Batting: RHB Colton Sheridan 0-0: Swinging Strike
0-1: Called Strike
0-2: Ball
1-2: Ball
2-2: Foul Ball, location: 2F
2-2: Strikes out swinging
Batting: RHB Ben Piche 0-0: Ball
1-0: SINGLE (Groundball, 6MD, EV 109.4 MPH) (infield hit)
Cody Kats to second
Batting: RHB Walter Worsham 0-0: Ball
1-0: Swinging Strike
1-1: Grounds into double play, 4-6-3 (Groundball, 4M, EV 79.4 MPH)
Top of the 4th over - 0 runs, 2 hits, 0 errors, 1 left on base; Syracuse 4 - Wilmington 1
BOTTOM OF THE 4TH
Wilmington Wildcats batting - Pitching for Syracuse Snappers : RHP Ephram Arnold
Batting: LHB Ozzie Huang 0-0: Ball
1-0: Fly out, F8 (Flyball, 8LD, EV 101.2 MPH)
Batting: RHB Barrington Purbacaraka 0-0: Foul Ball, location: 2F
0-1: Ball
1-1: Swinging Strike
1-2: Foul Ball, location: 2F
1-2: Strikes out looking
Batting: LHB Greg Selser 0-0: Ball
1-0: Foul Ball, location: 2F
1-1: Swinging Strike
1-2: Ball
2-2: Foul Ball, location: 2F
2-2: Fly out, F8 (Flyball, 8LM, EV 90.0 MPH)
Bottom of the 4th over - 0 runs, 0 hits, 0 errors, 0 left on base; Syracuse 4 - Wilmington 1
TOP OF THE 5TH
Syracuse Snappers batting - Pitching for Wilmington Wildcats : RHP Zack Fleming
Batting: RHB Asher Kappler 0-0: Foul Ball, location: 2F
0-1: Ball
1-1: Ball
2-1: SINGLE (Line Drive, 8RS, EV 100.6 MPH)
Batting: LHB Devan Clark 0-0: Ball
1-0: Ball
2-0: SINGLE (Groundball, 34D, EV 96.9 MPH)
Asher Kappler to second
Runner from 2nd tries for 3rd, SAFE, throw by RF made to third
Batting: SHB Spencer Buccheri 0-0: Ball
1-0: Ball
2-0: Called Strike
2-1: SINGLE (Groundball, 6D, EV 96.2 MPH)
Asher Kappler scores
Devan Clark to second
Batting: LHB Lawrence Gatzioudis 0-0: Ball
1-0: Grounds into double play, 6-4-3 (Groundball, 6M, EV 105.6 MPH)
Devan Clark to third
Batting: RHB Victor Day 0-0: Called Strike
0-1: Called Strike
0-2: Ground out 2-3 (Groundball, 15S, EV 74.4 MPH)
Top of the 5th over - 1 run, 3 hits, 0 errors, 1 left on base; Syracuse 5 - Wilmington 1
BOTTOM OF THE 5TH
Wilmington Wildcats batting - Pitching for Syracuse Snappers : RHP Ephram Arnold
Batting: RHB Lucas Shultz 0-0: Fly out, F8 (Flyball, 78S, EV 86.2 MPH)
Batting: LHB Zach Dunnum 0-0: Ball
1-0: Foul Ball, location: 2F
1-1: Ground out 4-3 (Groundball, 34D, EV 100.0 MPH)
Batting: RHB Julian Ludin 0-0: Ball
1-0: DOUBLE (Line Drive, 89XD, EV 109.4 MPH)
Batting: LHB Keon Kakazai 0-0: Foul Ball, location: 2F
0-1: Ball
1-1: Foul Ball, location: 2F
1-2: Foul Ball, location: 2F
1-2: Ball
2-2: Hit by Pitch
Batting: RHB Jeremy Dillingham 0-0: Fly out, F9 (Flyball, 89S, EV 96.2 MPH)
Bottom of the 5th over - 0 runs, 1 hit, 0 errors, 2 left on base; Syracuse 5 - Wilmington 1
TOP OF THE 6TH
Syracuse Snappers batting - Pitching for Wilmington Wildcats : RHP Zack Fleming
Batting: RHB Cody Kats 0-0: Called Strike
0-1: Ball
1-1: Called Strike
1-2: Strikes out swinging
Batting: RHB Colton Sheridan 0-0: Ball
1-0: Foul Ball, location: 2F
1-1: Ground out 6-3 (Groundball, 56, EV 86.9 MPH)
Batting: RHB Ben Piche 0-0: DOUBLE (Groundball, 5L, EV 101.2 MPH)
Batting: RHB Walter Worsham 0-0: Called Strike
0-1: SINGLE (Groundball, 4MD, EV 94.4 MPH)
Ben Piche to third
Runner from 3rd tries for Home, throw by CF and OUT! 8-2
Top of the 6th over - 0 runs, 2 hits, 0 errors, 1 left on base; Syracuse 5 - Wilmington 1
BOTTOM OF THE 6TH
Wilmington Wildcats batting - Pitching for Syracuse Snappers : RHP Ephram Arnold
Batting: LHB Dorsey Cahue 0-0: Ground out 1-3 (Groundball, 23, EV 68.8 MPH)
Batting: LHB Ozzie Huang 0-0: Called Strike
0-1: Ball
1-1: Called Strike
1-2: Ball
2-2: Strikes out swinging
Batting: RHB Barrington Purbacaraka 0-0: Called Strike
0-1: Ball
1-1: Swinging Strike
1-2: Strikes out swinging
Bottom of the 6th over - 0 runs, 0 hits, 0 errors, 0 left on base; Syracuse 5 - Wilmington 1
TOP OF THE 7TH
Syracuse Snappers batting - Pitching for Wilmington Wildcats : RHP Zack Fleming
Pitching: RHP Riley Boland
Batting: RHB Asher Kappler 0-0: Called Strike
0-1: Foul Ball, location: 2F
0-2: Strikes out swinging
Batting: LHB Devan Clark 0-0: Ball
1-0: Foul Ball, location: 2F
1-1: Ball
2-1: Foul Ball, location: 2F
2-2: Strikes out looking
Batting: SHB Spencer Buccheri 0-0: Swinging Strike
0-1: Ball
1-1: Swinging Strike
1-2: Strikes out swinging
Top of the 7th over - 0 runs, 0 hits, 0 errors, 0 left on base; Syracuse 5 - Wilmington 1
BOTTOM OF THE 7TH
Wilmington Wildcats batting - Pitching for Syracuse Snappers : RHP Ephram Arnold
Batting: LHB Greg Selser 0-0: Ball
1-0: SOLO HOME RUN (Flyball, 9D, EV 93.8 MPH), Distance : 370 ft
Batting: RHB Lucas Shultz 0-0: Swinging Strike
0-1: Ground out 6-3 (Groundball, 6S, EV 88.1 MPH)
Pitching: RHP Dallas Jordan
Batting: LHB Zach Dunnum 0-0: Called Strike
0-1: Foul Ball, location: 2F
0-2: Ball
1-2: Strikes out swinging
Batting: RHB Julian Ludin 0-0: Called Strike
0-1: SINGLE (Groundball, P, EV 83.1 MPH) (infield hit)
Batting: LHB Keon Kakazai 0-0: Ball
Julian Ludin steals 2nd base
1-0: Called Strike
1-1: Ball
2-1: Ground out 5-3 (Groundball, 56, EV 101.2 MPH)
Bottom of the 7th over - 1 run, 2 hits, 0 errors, 1 left on base; Syracuse 5 - Wilmington 2
TOP OF THE 8TH
Syracuse Snappers batting - Pitching for Wilmington Wildcats : RHP Riley Boland
Batting: LHB Lawrence Gatzioudis 0-0: Ball
1-0: Called Strike
1-1: Ball
2-1: Called Strike
2-2: Foul Ball, location: 2F
2-2: Fly out, F8 (Flyball, 8RD, EV 100.6 MPH)
Batting: RHB Victor Day 0-0: Ball
1-0: Ball
2-0: Ball
3-0: Called Strike
3-1: SINGLE (Line Drive, 56D, EV 94.4 MPH)
Batting: RHB Cody Kats 0-0: Called Strike
0-1: Ball
1-1: Grounds into double play, 5-4-3 (Groundball, 56, EV 81.9 MPH)
Top of the 8th over - 0 runs, 1 hit, 0 errors, 0 left on base; Syracuse 5 - Wilmington 2
BOTTOM OF THE 8TH
Wilmington Wildcats batting - Pitching for Syracuse Snappers : RHP Dallas Jordan
Batting: RHB Jeremy Dillingham 0-0: Foul Ball, location: 2F
0-1: Ball
1-1: Swinging Strike
1-2: Ground out 5-3 (Groundball, 56, EV 83.1 MPH)
Batting: LHB Dorsey Cahue 0-0: Swinging Strike
0-1: Fly out, F9 (Flyball, 89M, EV 97.5 MPH)
Batting: LHB Ozzie Huang 0-0: Ball
1-0: Foul Ball, location: 2F
1-1: Fly out, F8 (Flyball, 8LD, EV 86.9 MPH)
Bottom of the 8th over - 0 runs, 0 hits, 0 errors, 0 left on base; Syracuse 5 - Wilmington 2
TOP OF THE 9TH
Syracuse Snappers batting - Pitching for Wilmington Wildcats : RHP Riley Boland
Pinch Hitting: SHB J.D. Diltz 0-0: Ball
1-0: Called Strike
1-1: Swinging Strike
1-2: Foul Ball, location: 2F
1-2: Fly out, F7 (Flyball, 7, EV 82.5 MPH)
Batting: RHB Ben Piche 0-0: Called Strike
0-1: Ball
1-1: Ball
2-1: Ball
3-1: Ground out 4-3 (Groundball, 4, EV 111.2 MPH)
Batting: RHB Walter Worsham 0-0: Ball
1-0: Ball
2-0: Ground out 4-3 (Groundball, 4, EV 84.4 MPH)
Top of the 9th over - 0 runs, 0 hits, 0 errors, 0 left on base; Syracuse 5 - Wilmington 2
BOTTOM OF THE 9TH
Wilmington Wildcats batting - Pitching for Syracuse Snappers : RHP Dallas Jordan
Pitching: RHP Mitch Wininger
Now at C: Lukas Byrd
Batting: RHB Barrington Purbacaraka 0-0: Called Strike
0-1: Ball
1-1: Foul Ball, location: 2F
1-2: Strikes out swinging
Batting: LHB Greg Selser 0-0: Called Strike
0-1: Foul Ball, location: 2F
0-2: Strikes out looking
Pinch Hitting: LHB James Munsie 0-0: Called Strike
0-1: Ball
1-1: Called Strike
1-2: Ground out 4-3 (Groundball, 4M, EV 85.0 MPH)
Bottom of the 9th over - 0 runs, 0 hits, 0 errors, 0 left on base; Syracuse 5 - Wilmington 2
Friday, May 3rd , 2024 - OOTP Baseball 23.10 Build 110